 Dungeon Crawl Stone Soup version 0.31.0-11-ge490571c62 (webtiles) character file.

Game seed: 13500432459058423170

105 Skitler the Covert (level 4, -6/41 HPs)
             Began as a Gnoll Delver on Jan 30, 2024.
             Mangled by a gnoll
             ... wielding a +0 flail
              (10 damage)
             ... on level 3 of the Dungeon.
             The game lasted 00:03:54 (1601 turns).

Skitler the Covert (Gnoll Delver)                   Turns: 1601, Time: 00:03:55

Health: -6/41      AC:  3    Str: 14    XL:     4   Next: 83%
Magic:  5/5        EV: 14    Int:  9    God:
Gold:   71         SH:  0    Dex: 19    Spells: 5/5 levels left

rFire   . . .        j - +10 consecrated labrys {holy, Valiant ^Fragile Fly SInv}
rCold   . . .        (no shield)
rNeg    . . .        b - +0 leather armour
rPois   .            (no helmet)
rElec   .            (no cloak)
rCorr   .            (no gloves)
SInv    +            (no boots)
Will    +....        (no amulet)
Stlth   ++++         u - ring of willpower
HPRegen 0.26/turn    t - +6 ring of dexterity
MPRegen 0.09/turn

%: no passive effects
@: flying, hasted, very quick
A: fangs 1, strong nose, distributed training
a: no special abilities


You were on level 3 of the Dungeon.
You visited 1 branch of the dungeon, and saw 5 of its levels.

You collected 71 gold pieces.

Inventory:

Hand Weapons
 a - a +0 hand axe
 j - the +10 consecrated labrys (weapon) {holy, Valiant ^Fragile Fly SInv}
   (You found it on level 3 of the Dungeon)

   Valiant:   It becomes more powerful as more dangerous foes come into view.
   SInv:      It lets you see invisible.
   Fly:       It grants you flight.
   ^Fragile:  It will be destroyed if unequipped.
Armour
 b - a +0 leather armour (worn)
Jewellery
 l - a ring of protection from cold
 t - a +6 ring of dexterity (right hand)
 u - a ring of willpower (left hand)
Wands
 g - a wand of digging (3)
Scrolls
 c - a scroll of fog
 d - 5 scrolls of revelation
 e - 2 scrolls of fear
 h - 3 scrolls of noise {unknown}
 k - a scroll of butterflies {unknown}
 m - 2 scrolls of teleportation {unknown}
 q - a scroll of enchant weapon {unknown}
 s - 3 scrolls of identify {unknown}
 v - a scroll of amnesia {unknown}
Potions
 f - a potion of haste
 i - a potion of enlightenment {unknown}
 n - a potion of magic {unknown}
 o - 2 potions of curing {unknown}
 p - a potion of ambrosia {unknown}
 r - a potion of heal wounds {unknown}
 w - a potion of brilliance {unknown}


   Skills:
 + Level 6.6 Fighting
 + Level 1.3 Short Blades
 + Level 1.3 Long Blades
 + Level 4.7 Axes
 + Level 1.3 Maces & Flails
 + Level 1.3 Polearms
 + Level 1.3 Staves
 + Level 1.3 Ranged Weapons
 + Level 1.3 Throwing
 + Level 1.3 Armour
 + Level 4.7 Dodging
 + Level 9.6 Stealth
 + Level 1.3 Shields
 + Level 1.3 Unarmed Combat
 + Level 1.3 Spellcasting
 + Level 1.0 Conjurations
 + Level 1.0 Hexes
 + Level 1.0 Summonings
 + Level 1.0 Necromancy
 + Level 1.0 Translocations
 + Level 1.0 Fire Magic
 + Level 1.0 Ice Magic
 + Level 1.0 Air Magic
 + Level 1.0 Earth Magic
 + Level 1.0 Alchemy
 + Level 1.4 Invocations
 + Level 1.3 Evocations
 + Level 1.2 Shapeshifting


You had 5 spell levels left.
You didn't know any spells.
Your spell library contained the following spells:

 Spells                   Type           Power      Damage    Failure   Level
 Blink                    Tloc           4%         N/A       41%         2
 Lesser Beckoning         Tloc           4%         N/A       41%         2
 Momentum Strike          Conj/Tloc      4%         3d8       41%         2
 Gell's Gravitas          Tloc           2%         N/A       65%         3
 Teleport Other           Tloc           2%         N/A       65%         3
 Dispersal                Tloc           1%         N/A       100%        6


Dungeon Overview and Level Annotations

Branches:
Dungeon (5/15)
 Temple: D:4-7

Altars:
Dithmenos


Innate Abilities, Weirdness & Mutations

You have very sharp teeth.
Your uncanny sense of smell can sniff out nearby items.
Your experience applies equally to all skills.


Message History

A giant cockroach comes into view.
Found a stone staircase leading down.
The helpless quokka fails to defend itself.
You slice the quokka!!
You kill the quokka!
A giant cockroach is nearby!
A gnoll comes into view. It is wielding a +0 spear.
The helpless giant cockroach fails to defend itself.
You slice the giant cockroach!!
You kill the giant cockroach!
The gnoll shouts!
You hear an angry hiss.
A gnoll comes into view. It is wielding a +0 flail.
A gnoll comes into view. It is wielding a +0 spear.
The gnoll shouts! x2
A ball python comes into view.
Found 16 gold pieces.
The gnoll hits you from afar with a +0 spear.
The gnoll hits you with a +0 spear. The gnoll barely misses you.
You slice the gnoll!!
You kill the gnoll!
The gnoll hits you from afar with a +0 spear.
The ball python barely misses you. The ball python misses you.
You slash the ball python!
You kill the ball python!
The gnoll barely misses you.
You hit the gnoll. You bite the gnoll.
The gnoll is moderately wounded.
The gnoll hits you with a +0 flail! The gnoll misses you.
The gnoll hits you with a +0 flail!
The gnoll hits you from afar with a +0 spear.
You slash the gnoll!
The gnoll is almost dead.
The gnoll closely misses you. The gnoll hits you but does no damage.
The gnoll attacks as it pursues you! The gnoll hits you with a +0 flail!
* * * LOW HITPOINT WARNING * * *
You feel yourself speed up. The gnoll closely misses you. x2
You barely miss the gnoll.
The gnoll is almost dead.
The gnoll barely misses you. The gnoll hits you with a +0 flail!
You die...

#..#.##.#.# #
#..#.##.#.# ∆
#.#..#.##.#.### #
............##..##
#..........†......
#.#..##....# #
.###.#..##....###..#
........gg)........#
#####.#.@##............
#......<...............
#####.#..#.#........###
#$#..#.....###....
#............ .....
.....#.>.(.... ..##
#.##.##............ #.
#.##.....###. #
#.##.....#


You could see 2 gnolls.

Vanquished Creatures
  A gnoll (D:3)
  4 adders
  A ribbon worm (D:2)
  2 dart slugs (D:2)
  6 ball pythons
  2 bats (D:2)
  4 endoplasms
  5 giant cockroaches
  5 goblins
  4 hobgoblins
  3 jackals (D:4)
  3 kobolds
  4 quokkas
  3 frilled lizards
  3 rats (D:2)
50 creatures vanquished.

Notes
Turn   | Place    | Note
-------+----------+-------------------------------------------
     0 | D:5      | Reached skill level 9 in Stealth
     0 | D:5      | Skitler the Gnoll Delver began the quest for the Orb.
     0 | D:5      | Reached XP level 1. HP: 23/23 MP: 1/1
    13 | D:5      | Noticed an ogre
    33 | D:5      | Reached XP level 2. HP: 29/29 MP: 2/2
   270 | D:3      | Reached XP level 3. HP: 35/35 MP: 2/4
   299 | D:3      | Found the +4 consecrated labrys {holy, Valiant ^Fragile Fly
                  | SInv}
   475 | D:2      | Reached skill level 1 in Invocations
   516 | D:2      | Reached skill level 1 in Short Blades
   516 | D:2      | Reached skill level 1 in Long Blades
   516 | D:2      | Reached skill level 1 in Maces & Flails
   516 | D:2      | Reached skill level 1 in Polearms
   516 | D:2      | Reached skill level 1 in Staves
   516 | D:2      | Reached skill level 1 in Ranged Weapons
   516 | D:2      | Reached skill level 1 in Throwing
   516 | D:2      | Reached skill level 1 in Armour
   516 | D:2      | Reached skill level 1 in Shields
   516 | D:2      | Reached skill level 1 in Unarmed Combat
   516 | D:2      | Reached skill level 1 in Spellcasting
   516 | D:2      | Reached skill level 1 in Evocations
   729 | D:1      | Reached skill level 1 in Shapeshifting
   729 | D:1      | Reached XP level 4. HP: 41/41 MP: 5/5
  1058 | D:2      | Reached skill level 1 in Conjurations
  1058 | D:2      | Reached skill level 1 in Hexes
  1058 | D:2      | Reached skill level 1 in Summonings
  1058 | D:2      | Reached skill level 1 in Necromancy
  1058 | D:2      | Reached skill level 1 in Translocations
  1058 | D:2      | Reached skill level 1 in Fire Magic
  1058 | D:2      | Reached skill level 1 in Ice Magic
  1058 | D:2      | Reached skill level 1 in Air Magic
  1058 | D:2      | Reached skill level 1 in Earth Magic
  1058 | D:2      | Reached skill level 1 in Alchemy
  1185 | D:2      | Found a shadowy altar of Dithmenos.
  1601 | D:3      | Mangled by a gnoll

Illustrated notes

Levels and vault maps discovered:
D:1:      amcnicky_arrival_wind_blow, layout_basic
D:2:      layout_loops_ring, basic_altar
D:3:      layout_basic, serial_park_tiny_1, chequers_serial_rivers_small_b,
          chequers_serial_rivers_small_3
D:4:      layout_rooms, mainiacjoe_overflow_boulevard
D:5:      layout_rooms, lightli_temple_of_fire, uniq_menkaure

Skill      XL: |  1  2  3  4 |
---------------+-------------+-----
Stealth        | |  9.6
Invocations    | 1 |  1.4
Short Blades   | 1 |  1.3
Long Blades    | 1 |  1.3
Maces & Flails | 1 |  1.3
Polearms       | 1 |  1.3
Staves         | 1 |  1.3
Ranged Weapons | 1 |  1.3
Throwing       | 1 |  1.3
Armour         | 1 |  1.3
Shields        | 1 |  1.3
Unarmed Combat | 1 |  1.3
Spellcasting   | 1 |  1.3
Evocations     | 1 |  1.3
Shapeshifting  | 1 |  1.2
Conjurations   | 1 |  1.0
Hexes          | 1 |  1.0
Summonings     | 1 |  1.0
Necromancy     | 1 |  1.0
Translocations | 1 |  1.0
Fire Magic     | 1 |  1.0
Ice Magic      | 1 |  1.0
Air Magic      | 1 |  1.0
Earth Magic    | 1 |  1.0
Alchemy        | 1 |  1.0
Fighting       | |  6.6
Axes           | |  4.7
Dodging        | |  4.7

Action                     |  1- 3 |  4- 6 || total
---------------------------+-------+-------++-------
  Melee: Hand axe          |    40 |       ||    40
         Punch             |     1 |     1 ||     2
         Labrys            |    26 |    34 ||    60
         Bite              |     2 |     4 ||     6
    Use: Potion            |       |     1 ||     1
   Stab: Sleeping          |     5 |    10 ||    15
 Armour: Leather armour    |    33 |    16 ||    49
  Dodge: Dodged            |    45 |    18 ||    63
